 Dungeon Crawl Stone Soup version 0.31.0-11-ge490571c62 (webtiles) character file.

Game seed: 10842003122411325663

3222 BigAl the Cleaver (level 10, -4/79 HPs)
             Began as a Formicid Fighter on Jan 28, 2024.
             Slain by an orc knight
             ... wielding a +4 glaive
              (11 damage)
             ... in a bailey.
             The game lasted 00:09:37 (7049 turns).

BigAl the Cleaver (Formicid Fighter)                Turns: 7049, Time: 00:09:38

Health: -4/79      AC: 18    Str: 25    XL:     10   Next: 18%
Magic:  0/10       EV:  9    Int:  4    God:
Gold:   412        SH:  5    Dex: 13    Spells: 9/9 levels left

rFire   . . .        z - +4 whip "Isaczojo" {speed, rElec rPois Str+3 Int-4}
rCold   . . .        c - +0 buckler
rNeg    . . .        s - +6 chain mail "Kekaom" {rElec Str-3 Stlth+}
rPois   +            (helmet unavailable)
rElec   +            (no cloak)
rCorr   .            (no gloves)
SInv    +            u - +0 pair of boots
Will    +....        l - amulet of guardian spirit Stlth
                     (no ring)
HPRegen 0.33/turn    (no ring)
MPRegen 0.12/turn

%: guardian spirit
@: mighty, studying Fighting
A: permanent stasis, dig shafts and tunnels, antennae 3, four strong arms
a: Dig


You were in a bailey.
You visited 1 branch of the dungeon, and saw 7 of its levels.
You also visited: Bailey.

You collected 412 gold pieces.

Inventory:

Hand Weapons
 a - a +0 war axe
 z - the +4 whip "Isaczojo" (weapon) {speed, rElec rPois Str+3 Int-4}
   (You found it on level 6 of the Dungeon)

   Str+3:     It affects your strength (+3).
   Int-4:     It affects your intelligence (-4).
   rElec:     It insulates you from electricity.
   rPois:     It protects you from poison
 F - a +0 arbalest
Missiles
 y - 2 boomerangs
Armour
 c - a +0 buckler (worn)
 s - the +6 chain mail "Kekaom" (worn) {rElec Str-3 Stlth+}
   (You found it on level 3 of the Dungeon)

   Str-3:     It affects your strength (-3).
   rElec:     It insulates you from electricity.
   Stlth+:    It makes you more stealthy.
 u - a +0 pair of boots (worn)
 D - a +3 leather armour of fire resistance
Jewellery
 l - an amulet of guardian spirit (around neck)
Scrolls
 b - 3 scrolls of noise {unknown}
 e - 3 scrolls of teleportation {unknown}
 f - 3 scrolls of fear {unknown}
 j - 2 scrolls of summoning {unknown}
 k - a scroll of blinking {unknown}
 m - 8 scrolls of identify {unknown}
 o - 2 scrolls of amnesia {unknown}
 q - 3 scrolls of immolation {unknown}
 r - a scroll of revelation {unknown}
Potions
 g - 2 potions of resistance {unknown}
 h - a potion of attraction {unknown}
 i - 4 potions of degeneration {unknown}
 p - 4 potions of curing {unknown}
 t - a potion of ambrosia {unknown}
 v - a potion of enlightenment {unknown}
 w - a potion of lignification {unknown}
 x - a potion of haste {unknown}
 A - a potion of cancellation {unknown}
 E - a potion of mutation {unknown}


   Skills:
 + Level 7.4 Fighting
 * Level 8.6 Axes
 + Level 8.0 Armour
 + Level 3.0 Dodging
 - Level 0.5 Stealth
 + Level 7.0 Shields
 + Level 1.2 Evocations


You had 9 spell levels left.
You didn't know any spells.
Your spell library contained the following spells:

 Spells                   Type           Power      Damage    Failure   Level
 Summon Small Mammal      Summ           0%         N/A       96%         1
 Call Canine Familiar     Summ           0%         N/A       100%        3
 Ozocubu's Armour         Ice            0%         N/A       100%        3
 Tukima's Dance           Hex            0%         N/A       100%        3
 Dimensional Bullseye     Hex/Tloc       0%         N/A       100%        4
 Iskenderun's Mystic Bla  Conj/Tloc      0%         2d3       100%        4
 Summon Blazeheart Golem  Fire/Summ      0%         N/A       100%        4
 Metabolic Englaciation   Hex/Ice        0%         N/A       100%        5
 Sculpt Simulacrum        Ice/Alch       0%         N/A       100%        6


Dungeon Overview and Level Annotations

Branches:
Dungeon (7/15)             Bailey (1/1)
 Temple: D:4-7

Altars:
Ashenzari
Fedhas
Okawaru
Xom

Shops:
D:4 *


Innate Abilities, Weirdness & Mutations

You cannot be hasted, slowed, berserked, paralysed or teleported.
You can dig through walls and to a lower floor.
You have a pair of large antennae on your head. (SInv)
Your four strong arms can wield two-handed weapons with a shield.


Message History

The orc knight hits you with a +4 glaive.
The orc warrior closely misses you.
You closely miss the orc knight.
The orc knight is heavily wounded.
You block the orc knight's attack.
You hit the orc knight.
The orc knight is heavily wounded.
You block the orc warrior's attack.
You whack the orc knight!
The orc knight is heavily wounded.
The orc knight hits you with a +4 glaive!
* * * LOW HITPOINT WARNING * * *
You block the orc warrior's attack.
Throw: throwing net
Press: ? - help, Q - select action, (/) - cycle Shift-Dir - straight line, f/p - orc knight
Aim: an orc knight, wielding a +4 glaive and wearing a +0 plate armour (heavily wounded, 57% to hit)
You throw a throwing net.
The throwing net barely misses the orc knight.
The throwing net hits the orc warrior.
The orc warrior is caught in the net!
The orc warrior is lightly wounded.
You block the orc knight's attack.
The orc warrior struggles against the net.
You closely miss the orc knight.
The orc knight is heavily wounded.
You hit the orc knight.
The orc knight is severely wounded.
The orc knight hits you with a +4 glaive!
* * * LOW HITPOINT WARNING * * *
The orc warrior struggles against the net.
You barely miss the orc knight.
The orc knight is severely wounded.
The orc knight hits you with a +4 glaive.
* * * LOW HITPOINT WARNING * * *
You whack the orc knight!
The orc knight is severely wounded.
The orc warrior struggles against the net.
You hit the orc knight but do no damage.
The orc knight is severely wounded.
The orc knight hits you with a +4 glaive!
You die...

.∩#≈...............≈#∩.##≈.....#
.##≈....#######....≈##)#≈≈.....#
.≈≈≈....##..(.##...≈≈≈.≈≈......#
........##.....##.....)).......#
........##'''#..##.............#
....##..##∩.∩##..#.............#
....##.####o####o##............#
....##.')#...#)'o##............#
....##.###.8.###@##............#
....##.')#=.)#.'.##............#
....##.#########.##............#
.....#..##)#)##..#.............#
.....##..#'#'#..##.............#
).....##.......##..............#
.≈≈≈...#########...≈≈≈.≈≈......#
[##≈......###......≈##.#≈≈.....#
.∩#≈...............≈#∩.##≈.....#


You could see an orc knight and an orc warrior (strong, caught, corroded).

Vanquished Creatures
  Joseph (D:7)
  Eustachio (D:6)
  8 orc warriors (Bailey)
  3 ice beasts
  A black bear (D:5)
  2 ogres (D:6)
  2 kobold brigands (D:6)
  A phantom (D:5)
  4 scorpions
  8 wights
  A howler monkey (D:6)
  5 jellies
  An orc priest (D:5)
  A sleepcap (D:6)
  5 iguanas
  8 adders
  A shadow imp (D:7)
  3 white imps
  2 ufetubi (D:5)
  A dart slug (D:4)
  3 ribbon worms
  29 orcs
  3 ball pythons
  5 endoplasms
  6 giant cockroaches
  8 goblins
  12 hobgoblins
  20 kobolds
  5 quokkas
  3 bats
  2 frilled lizards (D:6)
  9 rats
164 creatures vanquished.

Vanquished Creatures (others)
  An orc (D:5)
  A quokka (D:5)
2 creatures vanquished.

Grand Total: 166 creatures vanquished

Notes
Turn   | Place    | Note
-------+----------+-------------------------------------------
     0 | D:1      | BigAl the Formicid Fighter began the quest for the Orb.
     0 | D:1      | Reached XP level 1. HP: 18/18 MP: 1/1
    83 | D:1      | Noticed an eye of devastation
    84 | D:1      | Found a faded altar of an unknown god.
   214 | D:1      | Reached XP level 2. HP: 15/24 MP: 2/2
   484 | D:1      | Noticed a great orb of eyes
   487 | D:1      | Noticed a shining eye
   487 | D:1      | Noticed an eye of devastation
   834 | D:2      | Reached XP level 3. HP: 29/29 MP: 3/3
  1455 | D:2      | Reached XP level 4. HP: 35/37 MP: 2/4
  2417 | D:3      | Identified the +6 chain mail "Kekaom" {rElec Str-3 Stlth+}
  2540 | D:4      | Reached XP level 5. HP: 42/42 MP: 5/5
  2557 | D:4      | Found a broken altar of Ashenzari.
  2732 | D:4      | Reached XP level 6. HP: 49/49 MP: 6/6
  2811 | D:4      | Noticed an ice beast
  2828 | D:4      | Killed an ice beast
  2829 | D:4      | Reached skill level 1 in Dodging
  2937 | D:4      | Found Taolaix's Gadget Gallery.
  3132 | D:4      | Reached skill level 5 in Shields
  3132 | D:4      | Reached XP level 7. HP: 55/55 MP: 7/7
  3151 | D:4      | Found an iron altar of Okawaru.
  3473 | D:5      | Entered Level 5 of the Dungeon
  3528 | D:5      | Reached skill level 5 in Axes
  3583 | D:5      | Reached skill level 5 in Armour
  3829 | D:5      | Found a shimmering altar of Xom.
  3926 | D:5      | Reached skill level 5 in Fighting
  4205 | D:5      | Reached XP level 8. HP: 62/62 MP: 8/8
  4982 | D:6      | Identified the +4 whip "Isaczojo" {speed, rElec rPois Str+3
                  | Int-4}
  5229 | D:6      | Reached XP level 9. HP: 49/69 MP: 7/9
  5390 | D:6      | Noticed Eustachio
  5426 | D:6      | Killed Eustachio
  6027 | D:7      | Found a blossoming altar of Fedhas.
  6126 | D:7      | Noticed Joseph
  6154 | D:7      | Killed Joseph
  6345 | D:7      | Found a flagged portal.
  6354 | Bailey   | Entered a bailey
  6548 | Bailey   | Reached skill level 1 in Evocations
  6618 | Bailey   | Reached XP level 10. HP: 79/79 MP: 10/10
  7017 | Bailey   | Acquired a manual of Fighting
  7019 | Bailey   | Noticed an orc knight
  7049 | Bailey   | Slain by an orc knight

Illustrated notes

Levels and vault maps discovered:
D:1:      wander_arrival_lonely_grave, layout_loops_ring,
          hellmonk_ecumenical_altar_watching_god, st_stairs_12, nrook_campfire
D:2:      layout_basic
D:3:      layout_basic
D:4:      layout_cave_pods, okawaru_altar_gauntlet_db, lemuel_crystal_altar,
          nicolae_shop_gadgets
D:5:      layout_gridville, xom_confusion_cloud, nicolae_the_louvre
D:6:      layout_basic, lexackson_kobold_supper, uniq_eustachio
D:7:      layout_basic, lemuel_doored_altar, minmay_temple_entry_ruins,
          enter_bailey_2, nicolae_concentric_dashed_squares_wild,
          kennysheep_generic_room_3, uniq_joseph
Bailey:   bailey_polearm_2, bailey

Skill      XL: |  1  2  3  4  5  6  7  8  9 10 |
---------------+-------------------------------+-----
Fighting       | 4 5 7 |  7.4
Axes           | 3 4 5 7 8 |  8.6
Armour         | 4 5 6 7 8 |  8.0
Dodging        | 1 2 3 |  3.0
Shields        | 5 6 7 |  7.0
Evocations     | 1 |  1.2
Stealth        | |  0.5

Action                     |  1- 3 |  4- 6 |  7- 9 | 10-12 || total
---------------------------+-------+-------+-------+-------++-------
  Melee: War axe           |    87 |   132 |   155 |       ||   374
         Whip              |       |       |   246 |   109 ||   355
  Throw: Throwing net      |       |       |       |     2 ||     2
         Dart              |       |       |       |     1 ||     1
  Evoke: Wand              |       |     2 |     6 |     1 ||     9
    Use: Scroll            |       |       |       |     1 ||     1
         Potion            |       |       |       |     1 ||     1
 Armour: Scale mail        |    62 |       |       |       ||    62
         Chain mail        |     7 |    87 |   211 |    59 ||   364
  Dodge: Dodged            |    41 |    48 |   111 |    17 ||   217
  Block: Buckler           |    18 |    35 |    75 |    20 ||   148
